 Dungeon Crawl Stone Soup version 0.27-a0-887-gcab673c142 (webtiles) character file.

Game seed: 7641951466104684504

1665 rageheart7 the Fighter (level 8, -5/69 HPs)
             Began as a Demonspawn Abyssal Knight on Apr 4, 2021.
             Was an Elder of Lugonu.
             Slain by a gnoll sergeant
             ... wielding a +2 vampiric spear
              (10 damage)
             ... on level 5 of the Dungeon.
             The game lasted 00:09:58 (9181 turns).

rageheart7 the Fighter (Demonspawn Abyssal Knight)  Turns: 9181, Time: 00:09:59

Health: -5/69      AC:  6    Str: 16    XL:     8   Next: 69%
Magic:  9/9        EV: 14    Int: 13    God:    Lugonu [****..]
Gold:   172        SH:  0    Dex: 12    Spells: 7/7 levels left

rFire    . . .     SeeInvis .   c - +1 hand axe (freeze)
rCold    + . .     Faith    .   (no shield)
rNeg     . . .     Spirit   .   i - +2 leather armour {rPois}
rPois    +         Reflect  .   (helmet restricted)
rElec    .         Harm     .   (no cloak)
rCorr    .         Rampage  .   (no gloves)
Will     .....                  n - +0 pair of boots
Stlth    +.........             (no amulet)
HPRegen  0.21/turn              f - ring of protection from cold
MPRegen  0.11/turn              (no ring)

@: no status effects
A: horns 1, repulsion field 2, demonic guardian 1
a: Renounce Religion, Depart the Abyss, Bend Space, Banish, Corrupt


You were on level 5 of the Dungeon.
You worshipped Lugonu.
Lugonu was greatly pleased with you.
You visited 1 branch of the dungeon, and saw 6 of its levels.
You visited the Abyss 1 time.
You also visited: Ossuary.

You collected 172 gold pieces.

Inventory:

Hand Weapons
 a - a +1 mace
 c - a +1 hand axe of freezing (weapon)
 h - a +0 vorpal halberd
Missiles
 e - a throwing net
Armour
 i - a +2 leather armour of poison resistance (worn)
 n - a +0 pair of boots (worn)
Jewellery
 f - a ring of protection from cold (left hand)
Wands
 k - a wand of paralysis (10)
Scrolls
 g - 3 scrolls of fog
 j - a scroll of silence
 l - a scroll of teleportation
 m - a scroll of acquirement {unknown}
Potions
 b - a potion of cancellation
 d - a potion of brilliance


   Skills:
 * Level 8.4 Fighting
 * Level 7.4 Maces & Flails
 - Level 1.7 Armour
 - Level 0.8 Dodging
 - Level 2.4 Invocations


You had 7 spell levels left.
You didn't know any spells.
Your spell library was empty.

Dungeon Overview and Level Annotations

Branches:
Dungeon (6/15)            Ossuary (visited)
 Temple: D:4-7

Altars:
Cheibriados
Elyvilon
Kikubaaqudgha
Okawaru
Qazlal
Trog


Innate Abilities, Weirdness & Mutations

You have a pair of small horns on your head.
You are surrounded by a moderate repulsion field. (EV +3)
A weak demonic guardian rushes to your aid.


Message History

The gnoll hits you from afar with a +0 halberd!
Your ufetubus hits the gnoll sergeant.
Your ufetubus closely misses the gnoll sergeant.
You hit the gnoll sergeant but do no damage.
The gnoll sergeant is moderately wounded.
The gnoll sergeant hits you with a +2 vampiric spear!
The gnoll hits you from afar with a +0 halberd!
Your ufetubus hits the gnoll sergeant but does no damage. x2
The gnoll sergeant closely misses you.
Your ufetubus hits the gnoll sergeant.
Your ufetubus hits the gnoll sergeant but does no damage.
The gnoll barely misses you.
Your ufetubus hits the gnoll sergeant.
Your ufetubus closely misses the gnoll sergeant.
The gnoll sergeant barely misses you.
You climb upwards.
Your summoned ally is left behind.
There is a stone staircase leading down, spattered with blood here.
You hit the gnoll sergeant but do no damage.
The gnoll sergeant is heavily wounded.
The gnoll sergeant hits you with a +2 vampiric spear.
* * * LOW HITPOINT WARNING * * *
The gnoll sergeant draws strength from your wounds!
You closely miss the gnoll sergeant.
The gnoll sergeant is heavily wounded.
The gnoll sergeant hits you with a +2 vampiric spear.
* * * LOW HITPOINT WARNING * * *
A demonic guardian appears!
Okay, then.
You hit the gnoll sergeant but do no damage.
You headbutt the gnoll sergeant.
The gnoll sergeant is heavily wounded.
The gnoll sergeant closely misses you.
Your white imp gestures at the gnoll sergeant.
The puff of frost hits the gnoll sergeant but does no damage.
You hit the gnoll sergeant but do no damage.
The gnoll sergeant is heavily wounded.
The gnoll sergeant hits you with a +2 vampiric spear!
* * * LOW HITPOINT WARNING * * *
Your white imp hits the gnoll sergeant but does no damage.
The gnoll sergeant hits you from afar with a +2 vampiric spear!
You die...

####### #.....# #.....#
####### #..#.##
##.##.5## ####.##
#.....g.# #....
#.....>.# #....
#....)@.# #)...
##..##.###############[
#####.#....#...#..###)
#.....#.....#...#..
#.....#.....#...#..
##.....'.....#...#..
#.....##.....##..##.
########.....##'####
#..........(...#..


You could see a gnoll sergeant (ally target) and a friendly white imp
(summoned).

Vanquished Creatures
  Sigmund (D:2)
  A black bear (D:4)
  A centaur (D:5)
  An elf zombie (Ossuary)
  2 scorpions
  2 centaur zombies (Ossuary)
  A gnoll shaman (D:5)
  3 human zombies (Ossuary)
  3 orc priests
  5 hounds (D:5)
  4 jellies
  2 iguanas
  3 orc wizards
  A scorpion zombie (D:5)
  2 mummies (Ossuary)
  A howler monkey zombie (D:5)
  9 gnolls
  5 adders
  A white imp (D:5)
  2 adder zombies (Ossuary)
  An adder skeleton (D:5)
  A worm (D:3)
  A dart slug (D:4)
  12 orcs
  5 ball pythons
  6 bats
  7 endoplasms
  2 giant cockroaches (D:4)
  4 goblins
  8 hobgoblins
  12 jackals
  5 quokkas
  5 frilled lizards
  A goblin zombie (Ossuary)
  8 hobgoblin zombies (Ossuary)
  A jackal zombie (Ossuary)
  6 kobolds
  8 kobold zombies (Ossuary)
  8 orc zombies (Ossuary)
  5 rats
  3 rat zombies (Ossuary)
159 creatures vanquished.

Vanquished Creatures (collateral kills)
  An ogre (D:4)
  A kobold brigand (D:3)
  An iguana (D:5)
  A gnoll (D:5)
4 creatures vanquished.

Vanquished Creatures (others)
  An adder (D:3)
1 creature vanquished.

Grand Total: 164 creatures vanquished

Notes
Turn   | Place    | Note
-------+----------+-------------------------------------------
     0 | Abyss:1  | rageheart7 the Demonspawn Abyssal Knight began the quest
                  | for the Orb.
     0 | Abyss:1  | Reached XP level 1. HP: 18/18 MP: 2/2
    89 | Abyss:1  | Noticed a large abomination
    91 | D:1      | Escaped the Abyss
   241 | D:1      | Gained mutation: You have a pair of small horns on your
                  | head. [demonic ancestry]
   241 | D:1      | Reached XP level 2. HP: 14/24 MP: 3/3
   245 | D:1      | Reached * piety under Lugonu
   988 | D:1      | Gained mutation: You are surrounded by a mild repulsion
                  | field. (EV +2) [demonic ancestry]
   988 | D:1      | Reached XP level 3. HP: 28/29 MP: 4/4
  1979 | D:2      | Noticed Sigmund
  1993 | D:2      | Killed Sigmund
  1994 | D:2      | Reached skill level 4 in Fighting
  1994 | D:2      | Reached XP level 4. HP: 25/38 MP: 5/5
  1994 | D:2      | Gained mutation: A weak demonic guardian rushes to your
                  | aid. [demonic ancestry]
  1994 | D:2      | Reached XP level 5. HP: 28/43 MP: 6/6
  2189 | D:2      | Reached skill level 5 in Fighting
  2735 | D:2      | Found a bloodstained altar of Trog.
  2945 | D:3      | Reached ** piety under Lugonu
  2972 | D:3      | Reached XP level 6. HP: 8/51 MP: 7/7
  3767 | D:3      | Found an iron altar of Okawaru.
  3916 | D:4      | Found a sand-covered staircase.
  3925 | Ossuary  | Entered an ossuary
  4060 | Ossuary  | Reached *** piety under Lugonu
  4429 | Ossuary  | Reached skill level 6 in Fighting
  4429 | Ossuary  | Reached skill level 5 in Maces & Flails
  4429 | Ossuary  | Reached XP level 7. HP: 40/58 MP: 8/8
  5910 | D:4      | Found a snail-covered altar of Cheibriados.
  5915 | D:4      | Found a stormy altar of Qazlal.
  5999 | D:4      | Reached **** piety under Lugonu
  6064 | D:4      | Reached skill level 7 in Fighting
  6207 | D:4      | Gained mutation: You are surrounded by a moderate repulsion
                  | field. (EV +3) [demonic ancestry]
  6207 | D:4      | Reached XP level 8. HP: 25/67 MP: 9/9
  6893 | D:5      | Entered Level 5 of the Dungeon
  8084 | D:4      | Reached skill level 8 in Fighting
  8695 | D:5      | Found an ancient bone altar of Kikubaaqudgha.
  9181 | D:5      | Slain by a gnoll sergeant

Illustrated notes

Levels and vault maps discovered:
D:1:      eino_arrival_tree_alley, layout_basic
D:2:      minmay_angry_zag, layout_loops_corners, basic_altar, uniq_sigmund
D:3:      layout_loops_ring, marbit_many_paths, lemuel_old_faithful
D:4:      layout_loops_ring, grunt_temple_overflow_open,
          nicolae_ossuary_entry_ruins, hangedman_decor_clover_reticule,
          minmay_misc_feat_more_columns, chequers_serial_rivers_micro_d,
          serial_bayou_pond_d
D:5:      layout_gridville, minmay_ruined_shrine
D:6:      kennysheep_spiral_hall, layout_rooms, overflow_temple_1_default,
          nicolae_ru_the_path_less_chosen, general_overflow_altar

Skill      XL: |  1  2  3  4  5  6  7  8 |
---------------+-------------------------+-----
Maces & Flails | 2 3 4 5 6 7 |  7.4
Fighting       | 4 5 6 7 8 |  8.4
Armour         | |  1.7
Dodging        | |  0.8
Invocations    | |  2.4

Action                   |  1- 3 |  4- 6 |  7- 9 || total
-------------------------+-------+-------+-------++-------
Melee: Mace              |   134 |   237 |    81 ||   452
       Headbutt          |    12 |    32 |    58 ||   102
       Hand axe          |       |       |   223 ||   223
Invok: Depart the Abyss  |     1 |       |       ||     1
  Use: Potion            |     3 |     3 |     8 ||    14
       Scroll            |       |     1 |     5 ||     6
 Stab: Invisible         |       |    10 |       ||    10
Armor: Leather armour    |    32 |    44 |    54 ||   130
       Ring mail         |    53 |    38 |       ||    91
       Skin              |       |    26 |    33 ||    59
Dodge: Dodged            |   121 |   153 |   222 ||   496

Table legend: (Time is in decaauts)
 A = Elapsed time spent in this place.
 B = Non-inter-level travel time spent in this place.
 C = Inter-level travel time spent in this place.
 D = Time resting spent in this place.
 E = Time spent auto-exploring this place.
 F = Levels seen in this place.
 G = Mean time per level.
                   A        B        C        D        E       F      G
               +--------+--------+--------+--------+--------+-----+--------+
         Total |   9284 |   9033 |    251 |    469 |   7155 |   8 | 1160.5 |
       Dungeon |   8398 |   8147 |    251 |    469 |   6508 |   6 | 1399.7 |
         Abyss |     91 |     91 |      0 |      0 |     89 |   1 |   91.0 |
       Ossuary |    794 |    794 |      0 |      0 |    558 |   1 |  794.0 |
               +--------+--------+--------+--------+--------+-----+--------+

Top non-repeatable levels by time:
     D:4: 2732 daAuts
     D:5: 1772 daAuts
     D:1: 1379 daAuts
     D:2: 1378 daAuts
     D:3: 1095 daAuts
 Ossuary: 794 daAuts
 Abyss:1: 91 daAuts
     D:6: 41 daAuts
